 Dungeon Crawl Stone Soup version 0.16.2-12-gd0ad4c3 (webtiles) character file.

383 faibistes the Magician (level 6, -1/32 HPs)
             Began as a Deep Elf Wizard on Oct 7, 2018.
             Slain by a worker ant (6 damage)
             ... on level 4 of the Dungeon.
             The game lasted 00:12:28 (4841 turns).

faibistes the Magician (Deep Elf Wizard)            Turns: 4841, Time: 00:12:28

Health: -1/32      AC:  5    Str:  4    XL:     6   Next: 47%
Magic:  16/23      EV: 14    Int: 25    God:
Gold:   218        SH:  0    Dex: 13    Spells: 6 memorised, 6 levels left

rFire  . . .     SeeInvis .     g - +0 dagger
rCold  . . .     Clarity  .     a - +0 robe
rNeg   . . .     SustAb   .     (no shield)
rPois  .         Gourm    .     p - +2 hat
rElec  .         Spirit   .     (no cloak)
rCorr  .         Warding  .     (no gloves)
rMut   .         Stasis   .     f - +0 pair of boots (curse)
MR     .....                    (no amulet)
Stlth  ++++......               x - ring of stealth
                                h - ring of stealth

@: lethally poisoned (-1 -> -4), not resistant to hostile enchantments, stealthy
A: no striking features
a: no special abilities


You were on level 4 of the Dungeon.
You were hungry.

You visited 1 branch of the dungeon, and saw 5 of its levels.

You collected 218 gold pieces.

Inventory:

Hand weapons
 g - a +0 dagger (weapon)
Armour
 a - a +0 robe (worn)
 b - a +0 hat
 f - a cursed +0 pair of boots (worn)
 p - a +2 hat (worn)
Jewellery
 h - a ring of stealth (left hand)
 x - a ring of stealth (right hand)
Magical devices
 r - a wand of random effects (38)
Scrolls
 e - 2 scrolls of teleportation {unknown}
 j - 2 scrolls of remove curse {unknown}
 o - a scroll of enchant armour {unknown}
 s - 2 scrolls of fog {unknown}
Potions
 i - 3 potions of curing
 l - a potion of heal wounds
 n - a potion of lignification
 t - a potion of mutation {unknown}
 u - a potion of haste {unknown}
 v - a potion of agility {unknown}
 z - a potion of brilliance {unknown}
Books
 c - a book of Minor Magic

   Spells                             Type                      Level
   a - Magic Dart                     Conjuration                  1
   b - Blink                          Translocation                2
   c - Call Imp                       Summoning                    2
   d - Repel Missiles                 Charms/Air                   2
   e - Slow                           Hexes                        2
   f - Conjure Flame                  Conjuration/Fire             3
   g - Mephitic Cloud                 Conjuration/Poison/Air       3
Comestibles
 d - 4 bread rations
 k - a meat ration
 m - 4 fruits
 q - a royal jelly
 w - a slice of pizza


   Skills:
 + Level 4.3 Dodging
 - Level 2.4 Stealth
 * Level 7.3 Spellcasting
 - Level 4.1 Conjurations
 - Level 1.1 Summonings
 * Level 1.7 Translocations


You had 6 spell levels left.
You knew the following spells:

 Your Spells              Type           Power        Failure   Level  Hunger
a - Magic Dart            Conj           ####         1%          1    None
b - Conjure Flame         Conj/Fire      ###.....     12%         3    None
c - Call Imp              Summ           ##......     10%         2    None
d - Blink                 Tloc           N/A          6%          2    None
e - Mephitic Cloud        Conj/Pois/Air  ###.....     12%         3    None
f - Repel Missiles        Chrm/Air       #.....       12%         2    None


Dungeon Overview and Level Annotations

Branches:
Dungeon (5/15)             Temple (0/1) D:4

Altars:
Nemelex Xobeh

Annotations:
D:4 Prince Ribbit


Message History

Found a staircase to the Ecumenical Temple.
You feel sick.
Your shadow imp gestures at the worker ant.
The worker ant convulses in agony!
The worker ant closely misses your shadow imp.
Your shadow imp hits the worker ant but does no damage.
Your crimson imp hits the worker ant but does no damage.
You feel sick.
The ogre hits your crimson imp with a giant club!
Your crimson imp dies!
Casting: Call Imp
Confirm with . or Enter, or press ? or * to list all spells.
A beastly little devil appears in a puff of flame.
The worker ant completely misses you.
You feel sick.
Your crimson imp hits the worker ant.
Casting: Call Imp
Confirm with . or Enter, or press ? or * to list all spells.
A beastly little devil appears in a puff of frigid air.
The worker ant bites you.
You die...

#.....#########################
#........O..$# #.....######.#
#.....# #O# #...... #.# #....F#
#5# ........ #.# #.....#
#.####### ###### #.a@5...#
##5####.# #8>8 #####


You could see a worker ant, a friendly crimson imp and a friendly white imp.

Vanquished Creatures
  A vampire bat (D:4)
  2 orc priests (D:4)
  A giant frog skeleton (D:4)
  Natasha (thrice) (D:3)
  4 adders
  A worm (D:2)
  3 fire bats (D:4)
  2 giant geckos
  2 oozes (D:3)
  13 orcs
  2 spectral bats (D:4)
  A ball python (D:1)
  16 bats
  A bat simulacrum (D:4)
  3 bat skeletons (D:4)
  A bat zombie (D:4)
  3 giant cockroaches
  8 goblins
  5 hobgoblins
  8 jackals
  10 kobolds
  A quokka (D:3)
  2 giant newts
  8 rats
101 creatures vanquished.

Vanquished Creatures (collateral kills)
  A bat (D:2)
  2 jackals (D:2)
  A kobold (D:2)
4 creatures vanquished.

Vanquished Creatures (others)
  2 crimson imps
2 creatures vanquished.

Grand Total: 107 creatures vanquished

Notes
Turn   | Place    | Note
--------------------------------------------------------------
     0 | D:1      | faibistes, the Deep Elf Wizard, began the quest for the Orb.
     0 | D:1      | Reached XP level 1. HP: 10/10 MP: 6/6
   487 | D:1      | Reached XP level 2. HP: 13/15 MP: 0/10
   494 | D:1      | Learned a level 2 spell: Blink
   497 | D:1      | Learned a level 2 spell: Call Imp
   970 | D:1      | You fall through a shaft!
  1224 | D:1      | Reached skill level 5 in Spellcasting
  1495 | D:2      | Reached XP level 3. HP: 19/19 MP: 11/14
  1500 | D:2      | Learned a level 3 spell: Conjure Flame
  1504 | D:2      | Learned a level 3 spell: Mephitic Cloud
  2283 | D:2      | Found a sparkling altar of Nemelex Xobeh.
  2380 | D:2      | Learned a level 2 spell: Repel Missiles
  2735 | D:3      | Noticed Natasha
  2812 | D:3      | Reached XP level 4. HP: 24/24 MP: 12/17
  2999 | D:3      | Killed Natasha
  3087 | D:3      | Reached skill level 6 in Spellcasting
  3314 | D:3      | Noticed Natasha
  3320 | D:3      | Killed Natasha
  3442 | D:3      | Noticed Natasha
  3448 | D:3      | Killed Natasha
  3581 | D:3      | Reached XP level 5. HP: 28/28 MP: 17/20
  4098 | D:4      | Reached XP level 6. HP: 32/32 MP: 16/22
  4101 | D:4      | Reached skill level 7 in Spellcasting
  4407 | D:5      | Entered Level 5 of the Dungeon
  4823 | D:4      | Noticed an ogre
  4825 | D:4      | Noticed Prince Ribbit
  4832 | D:4      | Found a staircase to the Ecumenical Temple.
  4841 | D:4      | Slain by a worker ant

Action                   |  1- 3 |  4- 6 || total
-------------------------+-------+-------++-------
Melee: Dagger            |       |     4 ||     4
 Cast: Magic Dart        |   126 |   130 ||   256
       Call Imp          |     4 |     5 ||     9
       Conjure Flame     |     3 |     3 ||     6
       Mephitic Cloud    |     1 |    10 ||    11
       Repel Missiles    |     1 |     1 ||     2
       Blink             |       |     1 ||     1
  Use: Scroll            |     3 |       ||     3
 Stab: Confused          |       |     1 ||     1
  Eat: Chunk             |     6 |     5 ||    11
